 Dungeon Crawl Stone Soup version 0.31-a0-1156-g12f98b2 (webtiles) character file.

Game seed: 1618127459800164146

1857922 Kearsarge the Phalangite (level 26, 226/226 HPs)
             Began as a Merfolk Gladiator on Dec 7, 2023.
             Was an Initiate of Gozag.
             Escaped with the Orb
             ... and 3 runes!
             The game lasted 01:36:22 (54079 turns).

Kearsarge the Phalangite (Merfolk Gladiator)       Turns: 54079, Time: 01:36:22

Health: 226/226    AC: 61    Str: 22    XL:     26   Next: 53%
Magic:  23/23      EV: 15    Int:  7    God:    Gozag
Gold:   3290       SH: 18    Dex: 15    Spells: 25/25 levels left

rFire   + + +        Y - +7 demon trident (spect)
rCold   + . .        B - +5 kite shield {rN+}
rNeg    + . .        G - +15 crystal plate armour of Light {Regen+}
rPois   +            L - +2 helmet {SInv}
rElec   +            b - +2 cloak "Foluev" {rElec rC++}
rCorr   .            F - +2 pair of gloves
SInv    +            A - +2 pair of boots {rampage}
Will    ++++.        I - amulet of Gestum {rElec Regen+ Slay+2} Stlth
                     Z - ring "Podgheplo" {rElec rPois rF++ EV+5 Str-3}
HPRegen 2.17/turn    Q - ring of Free Will {Fire Will+++}
MPRegen 0.18/turn

%: rampage
@: no status effects
A: (nimble swimmer 2), mertail, clumsy 1
0: Orb of Zot
}: 3/15 runes: serpentine, barnacled, silver
a: Renounce Religion, Potion Petition, Call Merchant, Bribe Branch


You escaped.
You worshipped Gozag.
Gozag was most pleased with you.
You visited 10 branches of the dungeon, and saw 48 of its levels.
You visited the Abyss 2 times.
You visited 1 bazaar.
You visited 1 ziggurat, and saw 5 of its levels.
You also visited: Sewer, Bailey and Desolation.

You collected 27459 gold pieces.
You spent 9233 gold pieces at shops.
You paid 14936 gold pieces to Gozag.

Inventory:

Hand Weapons
 Y - a +7 spectral demon trident (weapon)
Missiles
 c - 10 throwing nets
 e - 14 javelins
 X - 9 silver javelins
Armour
 b - the +2 cloak "Foluev" (worn) {rElec rC++}
   (You found it on level 2 of the Dungeon)

   rC++:      It greatly protects you from cold.
   rElec:     It insulates you from electricity.
 y - the +5 Storm Queen's Shield {shock, Fly rElec}
   (You bought it in a shop on level 12 of the Dungeon)

   Shock:     When it blocks an attack, it may electrocute the attacker.
   This works even against foes who are a short distance away.
   rElec:     It insulates you from electricity.
   Fly:       It grants you flight.
 A - a +2 pair of boots of rampaging (worn)
 B - a +5 kite shield of positive energy (worn)
 F - a +2 pair of gloves (worn)
 G - the +15 crystal plate armour of Light (worn) {Regen+}
   (You bought it in a shop on level 12 of the Dungeon)

   Regen+:    It increases your rate of health regeneration.
 L - a +2 helmet of see invisible (worn)
 R - the +1 helmet of the Constellations {rF+ rN+ rCorr Int+3}
   (You found it on level 5 of the Vaults)

   Int+3:     It affects your intelligence (+3).
   rF+:       It protects you from fire.
   rN+:       It protects you from negative energy.
   rCorr:     It protects you from acid and corrosion.
Jewellery
 t - a ring of flight
 I - the amulet of Gestum (around neck) {rElec Regen+ Slay+2}
   (You found it in the Desolation of Salt)

   [amulet of regeneration]

   Slay+2:    It affects your accuracy & damage with ranged weapons and melee
   (+2).
   rElec:     It insulates you from electricity.
   Regen+:    It increases your rate of health regeneration.
 N - a ring of positive energy
 Q - the ring of Free Will (right hand) {Fire Will+++}
   (You bought it in a shop on level 1 of the Vaults)

   [ring of fire]

   Fire:      It enhances your fire magic.
   rF+:       It protects you from fire.
   rC-:       It makes you vulnerable to cold.
   Will+++:   It greatly increases your willpower.
 Z - the ring "Podgheplo" (left hand) {rElec rPois rF++ EV+5 Str-3}
   (You found it on level 3 of the Shoals)

   [ring of evasion]

   EV+5:      It affects your evasion (+5).
   Str-3:     It affects your strength (-3).
   rF++:      It greatly protects you from fire.
   rElec:     It insulates you from electricity.
   rPois:     It protects you from poison
Wands
 p - a wand of digging (14)
 v - a wand of charming (12)
 H - a wand of quicksilver (19)
 J - a wand of polymorph (5)
 K - a wand of mindburst (26)
 U - a wand of iceblast (29)
Scrolls
 g - 7 scrolls of amnesia
 j - 14 scrolls of teleportation
 k - 2 scrolls of enchant armour
 m - 2 scrolls of blinking
 s - 8 scrolls of fog
 C - 5 scrolls of torment
 D - 4 scrolls of vulnerability
 E - a scroll of poison
 S - 4 scrolls of immolation
 V - 4 scrolls of fear
 W - a scroll of butterflies
Potions
 d - 6 potions of lignification
 f - 4 potions of resistance
 i - 5 potions of ambrosia
 l - 7 potions of mutation
 n - 2 potions of berserk rage
 q - 12 potions of attraction
 r - 3 potions of haste
 u - 4 potions of enlightenment
 w - a potion of might
 x - 2 potions of invisibility
 z - 7 potions of magic
 M - 4 potions of heal wounds
 O - 11 potions of curing
 P - 3 potions of cancellation
Miscellaneous
 a - a lightning rod (3/4)
 h - a phantom mirror
 T - a condenser vane


   Skills:
 - Level 22.4 Fighting
 - Level 26.1 Polearms
 - Level 2.0 Throwing
 + Level 25.2 Armour
 - Level 10.0 Dodging
 - Level 15.0 Shields


You had 25 spell levels left.
You didn't know any spells.
Your spell library contained the following spells:

 Spells                   Type           Power      Damage    Failure   Level
 Foxfire                  Conj/Fire      0%         2x1d4     100%        1
 Magic Dart               Conj           0%         1d3       100%        1
 Necrotise                Necr           0%         1d4       100%        1
 Shock                    Conj/Air       0%         1d3       100%        1
 Slow                     Hex            0%         N/A       100%        1
 Summon Small Mammal      Summ           0%         N/A       100%        1
 Blink                    Tloc           0%         N/A       100%        2
 Call Imp                 Summ           0%         N/A       100%        2
 Cigotuvi's Dreadful Rot  Necr/Pois/Air  0%         N/A       100%        2
 Ensorcelled Hibernation  Hex/Ice        0%         N/A       100%        2
 Jinxbite                 Hex            0%         N/A       100%        2
 Lesser Beckoning         Tloc           0%         N/A       100%        2
 Momentum Strike          Conj/Tloc      0%         3d8       100%        2
 Passwall                 Tmut/Erth      0%         N/A       100%        2
 Poisonous Vapours        Pois/Air       0%         N/A       100%        2
 Searing Ray              Conj           0%         2d4       100%        2
 Static Discharge         Conj/Air       0%         3-3/arc   100%        2
 Sublimation of Blood     Necr           0%         N/A       100%        2
 Wereblood                Tmut           0%         N/A       100%        2
 Call Canine Familiar     Summ           0%         N/A       100%        3
 Confusing Touch          Hex            0%         N/A       100%        3
 Gell's Gravitas          Tloc           0%         N/A       100%        3
 Hailstorm                Conj/Ice       0%         3d5       100%        3
 Ignite Poison            Fire/Tmut/Pois 0%         N/A       100%        3
 Mephitic Cloud           Conj/Pois/Air  0%         N/A       100%        3
 Ozocubu's Armour         Ice            0%         N/A       100%        3
 Sigil of Binding         Hex            0%         N/A       100%        3
 Summon Guardian Golem    Hex/Summ       0%         N/A       100%        3
 Swiftness                Air            0%         N/A       100%        3
 Teleport Other           Tloc           0%         N/A       100%        3
 Tukima's Dance           Hex            0%         N/A       100%        3
 Vampiric Draining        Necr           0%         2d6       100%        3
 Volatile Blastmotes      Fire/Tloc      0%         2d10      100%        3
 Airstrike                Air            0%         2d(0-16)  100%        4
 Anguish                  Hex/Necr       0%         N/A       100%        4
 Cause Fear               Hex            0%         N/A       100%        4
 Dimensional Bullseye     Hex/Tloc       0%         N/A       100%        4
 Fulminant Prism          Conj/Hex       0%         3d5       100%        4
 Iskenderun's Mystic Bla  Conj/Tloc      0%         2d3       100%        4
 Manifold Assault         Tloc           0%         N/A       100%        4
 Olgreb's Toxic Radiance  Pois           0%         N/A       100%        4
 Passage of Golubria      Tloc           0%         N/A       100%        4
 Petrify                  Tmut/Erth      0%         N/A       100%        4
 Sticky Flame             Conj/Fire      0%         2d3       100%        4
 Summon Lightning Spire   Summ/Air       0%         N/A       100%        4
 Vhi's Electric Charge    Tloc/Air       0%         N/A       100%        4
 Agony                    Necr           0%         N/A       100%        5
 Alistair's Intoxication  Tmut/Pois      0%         N/A       100%        5
 Arcjolt                  Conj/Air       0%         1d10      100%        5
 Borgnjor's Vile Clutch   Necr/Erth      0%         N/A       100%        5
 Fireball                 Conj/Fire      0%         3d3       100%        5
 Freezing Cloud           Conj/Ice/Air   0%         6-21      100%        5
 Irradiate                Conj/Tmut      0%         3d11      100%        5
 Iskenderun's Battlesphe  Conj           0%         2d6       100%        5
 Lee's Rapid Deconstruct  Erth           0%         3d4*      100%        5
 Metabolic Englaciation   Hex/Ice        0%         N/A       100%        5
 Silence                  Hex/Air        0%         N/A       100%        5
 Yara's Violent Unravell  Hex/Tmut       0%         3d3       100%        5
 Bombard                  Conj/Erth      0%         9d1       100%        6
 Conjure Ball Lightning   Conj/Air       0%         3x3d6     100%        6
 Dispersal                Tloc           0%         N/A       100%        6
 Eringya's Noxious Bog    Tmut/Pois      0%         4d6       100%        6
 Plasma Beam              Fire/Air       0%         2x1d10    100%        6
 Starburst                Conj/Fire      0%         6d3       100%        6
 Haunt                    Necr/Summ      0%         N/A       100%        7
 Malign Gateway           Summ/Tloc      0%         N/A       100%        7
 Orb of Destruction       Conj           0%         9d5       100%        7
 Spellforged Servitor     Conj/Summ      0%         N/A       100%        7
 Summon Hydra             Summ           0%         N/A       100%        7
 Borgnjor's Revivificati  Necr           0%         N/A       100%        8
 Discord                  Hex            0%         N/A       100%        8
 Disjunction              Tloc           0%         N/A       100%        8
 Ignition                 Fire           0%         3d3       100%        8
 Infestation              Necr           0%         N/A       100%        8
 Lehudib's Crystal Spear  Conj/Erth      0%         10d2      100%        8
 Maxwell's Capacitive Co  Air            0%         ∞         100%        8
 Summon Horrible Things   Summ           0%         N/A       100%        8
 Death's Door             Necr           0%         N/A       100%        9
 Dragon's Call            Summ           0%         N/A       100%        9
 Simulacrum               Ice/Necr       Unusable   N/A       N/A         6

Dungeon Overview and Level Annotations

Branches:
Dungeon (15/15)            Temple (1/1) D:4            Lair (5/5) D:9
 Shoals (4/4) Lair:3        Snake (4/4) Lair:2        Slime (0/5) Lair:5
    Orc (2/2) D:12            Elf (3/3) Orc:2        Vaults (5/5) D:13
  Crypt (0/3) Vaults:3     Depths (4/4) D:15            Zot (5/5) Depths:4
  Sewer (visited)          Bailey (visited)         Desolation (visited)

Altars:
Ashenzari
Cheibriados
Dithmenos
Elyvilon
Fedhas
Gozag
Hepliaklqana
Kikubaaqudgha
Makhleb
Nemelex Xobeh
Okawaru
Qazlal
Ru
Sif Muna
Trog
Uskayaw
Vehumet
Wu Jian
Xom
Yredelemnul
Zin
The Shining One
Lugonu

Shops:
D:3 (   D:5 (   D:6 [[:*   D:10 *   D:12 =[   Orc:1 **   Orc:2 ([[**
Elf:1 (([   Elf:2 :   Elf:3 ?   Lair:2 (   Lair:3 [[   Lair:5 =   Snake:2 *
Snake:3 *   Snake:4 (   Vaults:1 =   Depths:1 [*(*   Depths:3 (?*

Portals:
Hell: Depths:1 Depths:2 Depths:4
Abyss: Depths:1 Depths:3
Pandemonium: Depths:2

Annotations:
D:3 1 runed translucent door, Crazy Yiuf
D:4 2 runed translucent doors
D:14 3 runed translucent doors, Gopogaj's ghost, journeyman MfGl
Lair:5 3 runed translucent doors, rotlqkf's ghost, journeyman DECj
Depths:2 5 runed translucent doors


Innate Abilities, Weirdness & Mutations

((You are very nimble when in or above water. (Stealth+, EV+, Speed+++)))
Your lower body shifts to a powerful aquatic tail in water.
You are clumsy. (Dex -2)


Message History

There is a stone staircase leading up here.
You climb upwards.
There is a stone staircase leading down here.
There is a stone staircase leading up here.
You climb upwards.
Level annotation: 2 runed translucent doors
There is a stone staircase leading down here.
There is a stone staircase leading up here.
You climb upwards.
Level annotation: 1 runed translucent door, Crazy Yiuf
There is a stone staircase leading down here.
There is a stone staircase leading up here.
You climb upwards.
There is a stone staircase leading down here.
There is a stone staircase leading up here.
You climb upwards.
There is a stone staircase leading down here.
Blink to where?
Press: ? - help, Q - select action, (/) - cycle Dir - move target
As you read the scroll of blinking, it crumbles to dust.
Blink to where?
Press: ? - help, Q - select action, (/) - cycle Dir - move target
As you read the scroll of blinking, it crumbles to dust.
Aiming: Dig
Press: ? - help, Q - select action, (/) - cycle Shift-Dir - straight line A rock wall.
The rock shatters into small pieces.
Blink to where?
Press: ? - help, Q - select action, (/) - cycle Dir - move target
As you read the scroll of blinking, it crumbles to dust.
Blink to where?
Press: ? - help, Q - select action, (/) - cycle Dir - move target
As you read the scroll of blinking, it crumbles to dust.
Blink to where?
Press: ? - help, Q - select action, (/) - cycle Dir - move target
As you read the scroll of blinking, it crumbles to dust.
Blink to where?
Press: ? - help, Q - select action, (/) - cycle Dir - move target
As you read the scroll of blinking, it crumbles to dust.
You have escaped!

#.......## #....#
##.....## ####'###
##...## ##≈♣.♣≈##
##'## #≈≈♣.♣≈≈# #.#
#≈~♣.♣≈≈# # #.#
#~♣...♣~# ####.##
#♣.....♣#
.##...########>#.#.#
..†.........####@###
.##.(.####### ###
####.## ###


There were no monsters in sight!

Vanquished Creatures
  3 orbs of fire
  A dread lich (Depths:3)
  An ancient lich (Zot:5)
  Mara (Elf:3)
  A juggernaut (Depths:3)
  Vv (Depths:4)
  Sojobo (Depths:3)
  Saint Roka (Snake:2)
  A curse toe (Zot:1)
  A caustic shrike (Depths:1)
  7 golden dragons
  A bone dragon (Depths:4)
  An electric golem (Zot:5)
  Rupert (D:12)
  11 tentacled monstrosities
  Mlioglotl (Snake:2)
  A lich (Depths:3)
  2 Hell Sentinels
  6 titans
  2 deep elf blademasters (Elf:3)
  6 quicksilver dragons
  16 Orb Guardians
  A deep elf master archer (Elf:3)
  The ghost of Gyruhu the Brawler, an adept TrSh of Cheibriados (Snake:3)
  5 sphinxes
  4 death cobs (Zot:4)
  An ancient champion (Zig:4)
  A kraken (Shoals:3)
  Agnes (Snake:4)
  4 tentacled starspawn
  12 shadow dragons
  12 storm dragons
  Aizul (Snake:1)
  4 nagarajas
  6 fire giants
  10 tengu reavers
  3 draconian monks
  Ilsuiw (Shoals:4)
  Donald (Snake:4)
  5 draconian knights
  10 vault wardens
  7 deep elf sorcerers
  5 frost giants
  2 iron dragons (Vaults:5)
  An imperial myrmidon (Desolation)
  6 deep elf elementalists (Elf:3)
  5 draconian shifters
  A draconian scorcher (Zot:1)
  4 orc warlords
  6 draconian stormcallers
  9 very ugly things
  16 ironbound preservers
  5 war gargoyles
  2 spriggan defenders
  7 ironbound thunderhulks
  A ghoul (Zig:4)
  2 vampire knights
  A juggernaut skeleton (Depths:3)
  17 stone giants
  2 draconian annihilators
  6 deep elf demonologists
  2 green draconians
  6 spark wasps
  4 black draconians
  9 deep elf annihilators
  6 purple draconians
  5 white draconians
  11 dire elephants
  2 halazid warlocks (Desolation)
  5 red draconians
  7 yellow draconians
  An eidolon (Zig:4)
  A mummy priest (Zig:1)
  13 ettins
  A green death (Zot:4)
  5 deep elf death magi
  4 merfolk javelineers
  13 merfolk impalers
  2 crystal guardians
  6 fire dragons
  Josephine (Orc:1)
  6 ragged hierophants (Desolation)
  3 jiangshi (Depths:1)
  5 rakshasas
  11 deep elf high priests
  Erolcha (D:10)
  A servant of whispers (Desolation)
  15 yaktaur captains
  3 great orbs of eyes
  5 ice dragons
  10 hydras
  A hell beast (Depths:2)
  3 ogre magi
  11 peacekeepers
  4 spriggan air magi
  2 salamander tyrants
  38 vault guards
  3 ironbound frosthearts
  18 anacondas
  2 merfolk avatars (Shoals:3)
  6 boulder beetles
  11 centaur warriors
  6 merfolk aquamancers
  14 two-headed ogres
  16 dancing weapons
  2 death knights (Vaults:3)
  2 deep troll shamans (Depths:3)
  An alligator snapping turtle (Shoals:4)
  7 naga warriors
  4 satyrs
  6 spriggan berserkers
  2 vampire magi (Depths:1)
  2 tengu warriors (Depths:2)
  5 death yaks (Lair:5)
  5 deep troll earth magi
  3 hell knights
  A shock serpent (shapeshifter) (Depths:3)
  17 naga sharpshooters
  Sonja (Orc:2)
  2 sun demons
  Amaemon (Lair:3)
  7 shock serpents
  12 deep elf knights
  6 salamander mystics
  8 skeletal warriors
  7 skysharks
  A fire crab (Zig:5)
  4 iron trolls (Depths:3)
  3 spriggans
  A spatial maelstrom (Abyss:3)
  42 deep trolls
  6 sea snakes
  A shadow wraith (Vaults:3)
  A glowing orange brain (shapeshifter) (Vaults:5)
  A flayed ghost (Depths:3)
  A death drake (shapeshifter) (Vaults:5)
  2 spriggan druids (Depths:1)
  2 glowing orange brains
  6 lindwurms
  3 arcanists (Vaults:3)
  12 deep elf archers
  An iron dragon zombie (Depths:3)
  15 ironbound convokers
  10 orc knights
  35 harpies
  17 deep elf zephyrmancers
  2 necromancers
  A harpy (shapeshifter) (D:12)
  34 deep elf pyromancers
  16 mana vipers
  8 naga ritualists
  6 phantasmal warriors
  6 orc sorcerers
  A wolf spider (D:15)
  4 large abominations
  15 fauns
  29 ugly things
  A tengu skeleton (Depths:3)
  A worldbinder (Abyss:2)
  4 cyclopes
  Maurice (Orc:1)
  12 moths of wrath
  26 salamanders
  Joseph (D:8)
  4 kobold blastminers (Orc:2)
  A cyclops (shapeshifter) (Vaults:5)
  17 manticores
  5 elephants (Lair:3)
  2 will-o-the-wisps (Zig:5)
  2 centaur zombies (D:14)
  8 vault sentinels
  43 black mambas
  13 naga magi
  5 merfolk sirens
  An apocalypse crab (Shoals:3)
  2 guardian serpents (shapeshifter)
  11 guardian serpents
  A rust devil (Depths:4)
  An eye of devastation (shapeshifter) (Vaults:5)
  4 molten gargoyles (Desolation)
  3 smoke demons
  A torpor snail (Zig:2)
  7 water nymphs
  A water nymph (shapeshifter) (Vaults:5)
  6 gargoyles
  19 cane toads
  Maggie (D:9)
  5 orange demons
  3 unseen horrors (D:12)
  29 yaktaurs
  A hellion (Abyss:3)
  2 kobold demonologists (D:11)
  2 freezing wraiths
  A tormentor (Depths:2)
  A rime drake (Lair:4)
  13 komodo dragons
  An ancient zyme (Abyss:3)
  2 tengu conjurers
  A meliai (shapeshifter) (Depths:1)
  9 trolls
  A merfolk (shapeshifter) (Vaults:5)
  9 wind drakes
  37 merfolk
  3 polar bears
  3 tyrant leeches (Lair:5)
  13 blink frogs
  43 saltlings (Desolation)
  13 dream sheep
  3 hornets
  3 raiju
  2 glass eyes
  A dream sheep (shapeshifter) (Elf:3)
  8 snapping turtles
  A centaur simulacrum (D:15)
  32 slime creatures
  A snapping turtle (shapeshifter) (Vaults:5)
  A spriggan (shapeshifter) (D:12)
  2 flying skulls (Abyss:3)
  5 shadows
  A vampire (D:12)
  Sigmund (D:4)
  A jumping spider (Vaults:5)
  43 yaks
  4 air elementals
  8 wyverns
  Eustachio (D:6)
  8 water elementals
  A fire elemental (Elf:1)
  9 wraiths
  2 ynoxinuls (Abyss:3)
  A hog (shapeshifter) (Elf:1)
  5 basilisks
  A chaos spawn (Abyss:3)
  5 starcursed masses
  8 humans (Bailey)
  15 vampire mosquitoes
  3 redbacks (Vaults:5)
  2 neqoxecs
  3 steam dragons
  5 wargs
  A glowing shapeshifter zombie (Depths:3)
  46 nagas
  An acid dragon (D:9)
  22 water moccasins
  Duvessa (D:6)
  4 hell hounds (Zot:1)
  51 orc warriors
  2 ice beasts
  13 ogres
  A black bear (Lair:4)
  2 sky beasts (D:7)
  9 wolves (Lair:2)
  10 centaurs
  4 kobold brigands
  A crocodile (Sewer)
  A phantom (D:4)
  Blork the orc (D:6)
  34 bullfrogs
  4 scorpions
  4 earth elementals
  A small abomination (Abyss:3)
  Dowan (D:6)
  15 wights (D:9)
  4 killer bees (D:8)
  An electric eel (Lair:5)
  4 howler monkeys
  4 lava snakes (Lair:2)
  2 hounds
  A gnoll bouda (D:10)
  30 orc priests
  An iron imp (Abyss:3)
  6 jellies
  Jessica (D:3)
  A sleepcap (D:6)
  Terence (D:3)
  An iguana (D:4)
  Natasha (thrice) (D:3)
  33 orc wizards
  3 mummies (Zig:1)
  13 adders
  6 gnolls
  3 river rats (Sewer)
  2 white imps
  3 worms
  2 dart slugs
  123 orcs
  17 ball pythons
  8 endoplasms
  6 giant cockroaches
  10 goblins
  6 hobgoblins
  6 jackals
  7 quokkas
  6 bats
  4 frilled lizards
  17 kobolds
  14 rats
  A lurking horror (Abyss:2)
  A starspawn tentacle (Abyss:2)
  2 tentacles (Shoals:3)
2105 creatures vanquished.

Vanquished Creatures (collateral kills)
  An ancient lich (Zot:5)
  6 Orb Guardians (Zot:5)
  A storm dragon (Zot:5)
  An orc warlord (Orc:2)
  A red draconian (Zot:5)
  Prince Ribbit (Bailey)
  A vampire mosquito (D:9)
  4 killer bees (D:9)
  4 orcs
20 creatures vanquished.

Vanquished Creatures (others)
  An orb of fire (Zot:5)
  2 Killer Klowns (Zot:5)
  A tentacled monstrosity (Zot:5)
  2 Orb Guardians (Zot:5)
  A death cob (Zot:5)
  A storm dragon (Zot:5)
  2 purple draconians (Zot:5)
  A black draconian (Zot:5)
  A white draconian (Zot:5)
  A red draconian (Zot:5)
  An arcanist (D:7)
  A saltling (Desolation)
  An orc warrior (Orc:2)
  An orc wizard (Orc:2)
  2 orcs
  10 foxfires (Zig:5)
  126 spectral weapons
  9 starspawn tentacles
  7 tentacles (Shoals:3)
171 creatures vanquished.

Grand Total: 2296 creatures vanquished

Notes
Turn   | Place    | Note
-------+----------+-------------------------------------------
     0 | D:1      | Kearsarge the Merfolk Gladiator began the quest for the
                  | Orb.
     0 | D:1      | Reached XP level 1. HP: 16/16 MP: 1/1
    64 | D:1      | Reached XP level 2. HP: 20/23 MP: 2/2
   234 | D:1      | Reached XP level 3. HP: 29/29 MP: 3/3
   796 | D:2      | Reached skill level 5 in Polearms
   891 | D:2      | Identified the +0 ring mail of Vuwitarch {rElec Dex+4}
   925 | D:2      | Identified the +2 cloak "Foluev" {rElec rC++}
  1052 | D:2      | You fall into a shaft and drop 1 floor!
  1053 | D:3      | Found a glowing drain.
  1067 | D:3      | Reached XP level 4. HP: 27/36 MP: 4/4
  1105 | Sewer    | Entered a sewer
  1155 | Sewer    | Noticed a kobold brigand
  1169 | Sewer    | Killed a kobold brigand
  1170 | Sewer    | Reached skill level 6 in Polearms
  1170 | Sewer    | Reached XP level 5. HP: 13/43 MP: 5/5
  1305 | Sewer    | Noticed a crocodile
  1312 | Sewer    | Killed a crocodile
  1313 | Sewer    | Reached XP level 6. HP: 50/50 MP: 6/6
  1344 | Sewer    | Reached skill level 5 in Fighting
  1456 | Sewer    | Reached skill level 7 in Polearms
  2116 | D:3      | Noticed Jessica
  2116 | D:3      | Found Zeujuavy's Weapon Boutique.
  2131 | D:3      | Killed Jessica
  2283 | D:3      | Found a runed translucent door.
  2284 | D:3      | Noticed Crazy Yiuf
  2347 | D:3      | Reached XP level 7. HP: 57/57 MP: 7/7
  2430 | D:3      | Noticed Natasha
  2441 | D:3      | Killed Natasha
  2472 | D:3      | Noticed Natasha
  2478 | D:3      | Killed Natasha
  2479 | D:3      | Reached skill level 8 in Polearms
  2540 | D:3      | Noticed Terence
  2547 | D:3      | Killed Terence
  2599 | D:3      | Noticed Natasha
  2609 | D:3      | Killed Natasha
  2742 | D:4      | Found a staircase to the Ecumenical Temple.
  2755 | Temple   | Entered the Ecumenical Temple
  2779 | Temple   | Became a worshipper of Gozag Ym Sagoz the Greedy
  2821 | D:4      | Noticed Sigmund
  2829 | D:4      | Killed Sigmund
  3002 | D:4      | Reached skill level 9 in Polearms
  3002 | D:4      | Reached XP level 8. HP: 59/67 MP: 8/8
  3074 | D:4      | Found a sparkling altar of Nemelex Xobeh.
  3185 | D:4      | Found a large runed translucent door.
  3185 | D:4      | Found a large runed translucent door.
  3191 | D:4      | Found a large runed translucent door.
  3191 | D:4      | Found a large runed translucent door.
  3258 | D:4      | Noticed a wyvern
  3267 | D:4      | Killed a wyvern
  3711 | D:5      | Entered Level 5 of the Dungeon
  3711 | D:5      | Found Tajung's Weapon Shop.
  3719 | D:5      | Reached skill level 10 in Polearms
  4036 | D:5      | Found a hazy altar of Hepliaklqana.
  4373 | D:5      | Found a shimmering blue altar of Sif Muna.
  4500 | D:6      | Noticed Eustachio
  4510 | D:6      | Killed Eustachio
  4511 | D:6      | Reached skill level 11 in Polearms
  4511 | D:6      | Reached XP level 9. HP: 76/76 MP: 9/9
  4519 | D:6      | Noticed Dowan
  4521 | D:6      | Noticed Duvessa
  4536 | D:6      | Killed Duvessa
  4539 | D:6      | Killed Dowan
  4686 | D:6      | Found Xiojagy's Assorted Antiques.
  4698 | D:6      | Bought a golden potion for 25 gold pieces
  4698 | D:6      | Bought a murky yellow potion for 25 gold pieces
  4698 | D:6      | Bought a scroll of identify for 56 gold pieces
  4698 | D:6      | Bought a long silver wand for 112 gold pieces
  4757 | D:6      | Noticed Blork the orc
  4763 | D:6      | Killed Blork the orc
  4792 | D:6      | Found Asos's Armour Shop.
  4811 | D:6      | Bought a +0 buckler for 58 gold pieces
  4841 | D:6      | Found Acrud's Armour Shop.
  4941 | D:6      | Found Raage's Book Shop.
  5048 | D:6      | Found Dolleb's CLEARANCE SALE!.
  5052 | D:6      | Bought a potion of attraction for 15 gold pieces
  5052 | D:6      | Bought a ring of see invisible for 75 gold pieces
  5220 | D:7      | Reached skill level 12 in Polearms
  5375 | D:7      | Reached skill level 10 in Fighting
  5474 | D:7      | Found a basalt altar of Yredelemnul.
  5534 | D:7      | Found a bloodstained altar of Trog.
  5598 | D:7      | Found a burning altar of Makhleb.
  5598 | D:7      | Noticed a green death
  5602 | D:7      | Noticed an orange demon
  5659 | D:7      | Noticed a troll
  5663 | D:7      | Killed a troll
  5808 | D:7      | Reached skill level 13 in Polearms
  6125 | D:7      | Noticed an arcanist
  6131 | D:7      | Killed an arcanist
  6272 | D:8      | Noticed Joseph
  6283 | D:8      | Killed Joseph
  6284 | D:8      | Reached XP level 10. HP: 56/88 MP: 10/10
  6712 | D:9      | Noticed Maggie
  6725 | D:9      | Killed Maggie
  6726 | D:9      | Reached skill level 14 in Polearms
  6762 | D:9      | Found a blossoming altar of Fedhas.
  6938 | D:9      | Found a flagged portal.
  6954 | Bailey   | Entered a bailey
  7069 | Bailey   | Reached skill level 15 in Polearms
  7117 | Bailey   | Reached XP level 11. HP: 83/96 MP: 11/11
  7177 | Bailey   | Noticed a vault guard
  7196 | Bailey   | Killed a vault guard
  7288 | Bailey   | Noticed Prince Ribbit
  7288 | Bailey   | Noticed a vault guard
  7303 | Bailey   | Killed a vault guard
  7308 | Bailey   | Killed Prince Ribbit
  7458 | Bailey   | Reached skill level 16 in Polearms
  7827 | D:9      | Found a staircase to the Lair.
  7838 | D:9      | Found an ancient bone altar of Kikubaaqudgha.
  8061 | D:9      | Noticed a two-headed ogre
  8070 | D:9      | Killed a two-headed ogre
  8101 | D:9      | Identified a scroll of acquirement
  8101 | D:9      | Acquired 692 gold pieces
  8158 | D:6      | Bought +2 gold dragon scales for 1196 gold pieces
  8385 | D:10     | Entered Level 10 of the Dungeon
  8558 | D:10     | Reached skill level 1 in Shields
  8774 | D:10     | Noticed Erolcha
  8776 | Abyss:2  | Cast into level 2 of the Abyss (Erolcha)
  8803 | Abyss:2  | Noticed a tentacled starspawn
  8818 | Abyss:2  | Killed a tentacled starspawn
  8819 | Abyss:2  | Reached skill level 5 in Dodging
  8868 | Abyss:2  | Noticed a tentacled starspawn
  8872 | Abyss:2  | Noticed a worldbinder
  8873 | Abyss:2  | Killed a tentacled starspawn
  8874 | Abyss:2  | Reached XP level 12. HP: 107/107 MP: 12/12
  8901 | Abyss:2  | Noticed a rakshasa
  8915 | Abyss:2  | Killed a rakshasa
  8956 | Abyss:2  | Reached skill level 5 in Shields
  8972 | Abyss:2  | Noticed a starcursed mass
  9008 | Abyss:2  | Noticed a tentacled starspawn
  9016 | D:10     | Escaped the Abyss
  9195 | Lair:1   | Entered Level 1 of the Lair of Beasts
  9358 | Lair:1   | Reached skill level 10 in Dodging
  9366 | Lair:1   | Reached skill level 1 in Armour
 10571 | Lair:2   | Found a staircase to the Snake Pit.
 10776 | Lair:2   | Reached skill level 5 in Armour
 11108 | Lair:2   | Reached XP level 13. HP: 104/113 MP: 13/13
 11444 | Lair:3   | Found a staircase to the Shoals.
 11832 | Lair:3   | Identified the +8 plate armour "Cybemuat" {Harm +Inv Int-2}
 11967 | Lair:3   | Bought a shiny buckler for 165 gold pieces
 11978 | Lair:3   | Bought a pair of embroidered boots for 165 gold pieces
 12036 | Lair:3   | Noticed Amaemon
 12054 | Lair:3   | Killed Amaemon
 12351 | Lair:3   | Acquired 1361 gold pieces
 13144 | Lair:4   | Reached skill level 10 in Armour
 13233 | Lair:4   | You fall into a shaft and drop 1 floor!
 13233 | Lair:5   | Entered Level 5 of the Lair of Beasts
 13255 | Lair:5   | Reached XP level 14. HP: 109/120 MP: 14/14
 13258 | Lair:5   | Reached skill level 17 in Polearms
 13297 | Lair:5   | Identified the +5 quarterstaff of Xacluil {pain, rF+ Will-
                  | rCorr}
 13484 | Lair:5   | Got the Incunabulum of the Gelid Shift
 13570 | Lair:5   | Found a runed translucent gate.
 13570 | Lair:5   | Found a runed translucent gate.
 13570 | Lair:5   | Found a runed translucent gate.
 13574 | Lair:5   | Noticed rotlqkf's ghost (journeyman DECj)
 13591 | Lair:5   | Reached skill level 15 in Fighting
 13642 | Lair:5   | Reached skill level 18 in Polearms
 14179 | Lair:5   | Found a staircase to the Slime Pits.
 15064 | Lair:4   | Reached skill level 19 in Polearms
 15576 | D:10     | Killed Erolcha
 15731 | D:10     | Found Xelozul's Assorted Antiques.
 15746 | D:10     | Bought a scroll of blinking for 277 gold pieces
 16522 | D:11     | Reached XP level 15. HP: 99/110 MP: 15/15
 17493 | D:12     | Noticed Rupert
 17494 | D:12     | Paralysed by Rupert for 4 turns
 17503 | D:12     | Found an ornate altar of the Wu Jian Council.
 17603 | D:12     | Killed Rupert
 17908 | D:12     | Found a staircase to the Orcish Mines.
 17917 | D:12     | Reached skill level 20 in Polearms
 17979 | D:12     | Reached XP level 16. HP: 141/141 MP: 16/16
 17984 | Orc:1    | Entered Level 1 of the Orcish Mines
 18060 | Orc:1    | Found Ufeahiqa's General Store.
 18066 | Orc:1    | Found Otukoah's Specific Store.
 18073 | Orc:1    | Bought a scroll of identify for 26 gold pieces
 18073 | Orc:1    | Bought a scroll of immolation for 52 gold pieces
 18149 | Orc:1    | Found a bloodstained altar of Trog.
 18461 | Orc:1    | Noticed Josephine
 18477 | Orc:1    | Killed Josephine
 18590 | Orc:1    | Noticed Maurice
 18596 | Orc:1    | Killed Maurice
 19096 | Orc:2    | Entered Level 2 of the Orcish Mines
 19144 | Orc:2    | Found a staircase to the Elven Halls.
 19160 | Orc:2    | Found Jeniz's Assorted Antiques.
 19172 | Orc:2    | Noticed Sonja
 19177 | Orc:2    | Killed Sonja
 19197 | Orc:2    | Reached skill level 21 in Polearms
 19628 | Orc:2    | Paralysed by an orc sorcerer for 2 turns
 20114 | Orc:2    | Found Ummet's Armour Shop.
 20142 | Orc:2    | Found Huanwa Qoel's Antique Weapon Boutique.
 20144 | Orc:2    | Found Ibegh's Antique Armour Shop.
 20423 | Orc:2    | Found Moxaheng's Assorted Antiques.
 20428 | Orc:2    | Bought an emerald potion for 27 gold pieces
 20428 | Orc:2    | Bought a scroll of teleportation for 90 gold pieces
 20428 | Orc:2    | Bought a potion of haste for 300 gold pieces
 20428 | Orc:2    | Bought a scroll labelled SIYD RATSUFA for 30 gold pieces
 20724 | D:12     | Bought the +5 Storm Queen's Shield {shock, Fly rElec} for
                  | 820 gold pieces
 20724 | D:12     | Found the +5 Storm Queen's Shield {shock, Fly rElec}
 21241 | D:12     | Reached skill level 22 in Polearms
 22219 | D:13     | Reached XP level 17. HP: 149/151 MP: 17/17
 22772 | D:13     | Found a gate to the Vaults.
 23022 | D:14     | Found a runed translucent gate.
 23022 | D:14     | Found a runed translucent gate.
 23022 | D:14     | Found a runed translucent gate.
 23022 | D:14     | Noticed Gopogaj's ghost (journeyman MfGl)
 23024 | D:14     | Found a basalt altar of Yredelemnul.
 23302 | D:14     | Found a blossoming altar of Fedhas.
 23437 | D:14     | Reached skill level 23 in Polearms
 23755 | D:15     | Entered Level 15 of the Dungeon
 24106 | D:15     | Found a staircase to the Depths.
 24155 | D:15     | Found a radiant altar of Vehumet.
 24178 | D:15     | Identified the +3 scale mail of Bicaoh {rElec Int+3 Dex+3}
 24550 | Shoals:1 | Entered Level 1 of the Shoals
 25601 | Shoals:2 | Reached skill level 24 in Polearms
 25785 | Shoals:2 | Acquired the ring of Xamnim {Fly rPois rF+ Str+4}
 26257 | Shoals:3 | Reached XP level 18. HP: 154/164 MP: 18/18
 26484 | Shoals:3 | Noticed a tentacled monstrosity
 26494 | Shoals:3 | Killed a tentacled monstrosity
 26499 | Shoals:3 | Got Waseggea's Compendium of Mad Ravings
 26501 | Shoals:3 | Identified the ring "Podgheplo" {rElec rPois rF++ EV+5
                  | Str-3}
 27029 | Shoals:4 | Entered Level 4 of the Shoals
 27047 | Shoals:4 | Noticed Ilsuiw
 27135 | Shoals:4 | Reached skill level 25 in Polearms
 27571 | Shoals:4 | Killed Ilsuiw
 28918 | Shoals:4 | Reached skill level 26 in Polearms
 29034 | Shoals:4 | Got a barnacled rune of Zot
 29411 | D:12     | Bought the +15 crystal plate armour of Light {Regen+} for
                  | 2500 gold pieces
 29609 | Elf:1    | Entered Level 1 of the Elven Halls
 29708 | D:12     | Bought a +1 helmet of see invisible for 297 gold pieces
 29813 | Snake:1  | Entered Level 1 of the Snake Pit
 30027 | Snake:1  | Reached XP level 19. HP: 176/176 MP: 6/19
 30179 | Snake:1  | Identified the +6 ring mail of the Onion {rCorr}
 30530 | Snake:1  | Identified the serpent talisman of Supple Strength {Int+3
                  | Dex+4 Slay+2}
 30530 | Snake:1  | Noticed Aizul
 30553 | Snake:1  | Killed Aizul
 31297 | Snake:2  | Noticed Mlioglotl
 31297 | Snake:2  | Noticed Saint Roka
 31313 | Snake:2  | Killed Mlioglotl
 31322 | Snake:2  | Killed Saint Roka
 31788 | Snake:2  | Reached skill level 10 in Shields
 31931 | Snake:2  | Found Tadwiqedis's General Store.
 31966 | Snake:2  | Bought a scroll of revelation for 97 gold pieces
 32300 | Snake:3  | Noticed Gyruhu's ghost (adept TrSh)
 32303 | Snake:3  | Found a runed translucent door.
 32362 | Snake:3  | Killed Gyruhu's ghost
 32759 | Snake:3  | Found a frozen archway.
 32917 | Snake:3  | Found Ymmyrina's General Store.
 32922 | Snake:3  | Bought a wand of digging (3) for 214 gold pieces
 32922 | Snake:3  | Bought a scroll of teleportation for 51 gold pieces
 33473 | Snake:4  | Entered Level 4 of the Snake Pit
 33588 | Snake:4  | Noticed Agnes
 33620 | Snake:4  | Killed Agnes
 33636 | Snake:4  | Reached XP level 20. HP: 179/184 MP: 20/20
 33821 | Snake:4  | Noticed Donald
 33844 | Snake:4  | Killed Donald
 34117 | Snake:4  | Found Gaozeusot's Weapon Shop.
 34758 | Snake:4  | Reached skill level 15 in Shields
 34813 | Snake:4  | Got a serpentine rune of Zot
 35428 | Elf:1    | Paralysed by an air elemental for 1 turns
 35437 | Elf:1    | Paralysed by an air elemental for 1 turns
 35487 | Elf:1    | Found an ancient bone altar of Kikubaaqudgha.
 35547 | Elf:1    | Found Osigh's Antique Weapon Boutique.
 35778 | Elf:1    | Found Kegyas's Antique Armour Shop.
 36248 | Elf:2    | Found Loupunki's Book Shoppe.
 36314 | Elf:3    | Entered Level 3 of the Elven Halls
 36528 | Elf:3    | Noticed Mara
 36544 | Elf:3    | Noticed Kearsarge's illusion
 36660 | Elf:3    | Noticed Kearsarge's illusion
 36723 | Elf:3    | Noticed Kearsarge's illusion
 36735 | Elf:3    | Killed Mara
 36946 | Elf:3    | Found Okoamex's Magic Scroll Boutique.
 36949 | Elf:3    | Bought a scroll of enchant armour for 157 gold pieces
 37240 | Elf:3    | Reached XP level 21. HP: 159/190 MP: 21/21
 37685 | Abyss:3  | Cast into level 3 of the Abyss (a deep elf demonologist)
 37827 | Abyss:3  | Noticed a dread lich
 38261 | Elf:3    | Escaped the Abyss
 38449 | Elf:3    | Identified the amulet of Sijeoh {Regen+ MP-9 Str+2 Int+3}
 38511 | Elf:3    | Got the Precepts of the World
 38587 | Elf:3    | Identified the +0 battleaxe of Ruination {flame, rCorr}
 38634 | Elf:3    | Identified the +2 chain mail of Dithmenos's Reproof {rF+
                  | rC+ Str-2 Int+3}
 38711 | Elf:3    | Identified the +0 shortbow of Yfrosm {antimagic, rC+ Int+4}
 39288 | Vaults:1 | Entered Level 1 of the Vaults
 39464 | Vaults:1 | Reached skill level 15 in Armour
 40338 | Vaults:1 | Reached XP level 22. HP: 198/198 MP: 13/22
 40627 | Vaults:1 | Bought the ring of Free Will {Fire Will+++} for 1080 gold
                  | pieces
 41826 | Vaults:3 | Found a flickering gateway to a bazaar.
 41840 | Bazaar   | Entered a bazaar
 41840 | Bazaar   | Found Qeli's Antique Weapon Emporium.
 41860 | Bazaar   | Found Rathri's Book Boutique.
 41868 | Bazaar   | Found Worithag's General Store.
 41876 | Bazaar   | Bought a scroll of enchant armour for 112 gold pieces
 41876 | Bazaar   | Bought a scroll of butterflies for 60 gold pieces
 41877 | Bazaar   | Bought a scroll of immolation for 60 gold pieces
 41891 | Bazaar   | Found Vocwymim's Magic Scroll Shop.
 41899 | Bazaar   | Bought a scroll of blinking for 90 gold pieces
 41899 | Bazaar   | Bought a scroll of acquirement for 624 gold pieces
 41903 | Bazaar   | Acquired 626 gold pieces
 41904 | Bazaar   | Found Fuheg's Antique Armour Shop.
 42458 | Vaults:3 | Found a staircase to the Crypt.
 42956 | Vaults:3 | Identified the +4 chain mail of Zuarips {rF+ rC+ Str+5
                  | Int-4}
 43436 | Vaults:4 | Found a crumbling gateway.
 43441 | Desolati | Entered the Desolation of Salt
 43577 | Desolati | Got the Reference Book on the Posthumous Gang
 43581 | Desolati | Identified the +3 troll leather armour of Iptimnenn {Harm
                  | Regen+ Int+5 Dex-2}
 44004 | Desolati | Got the Spellbook of the Switch and the Snake
 44029 | Desolati | Identified the ring of the Hecatoncheires {rPois rF+ Dex+2}
 44237 | Desolati | Identified the amulet of Gestum {rElec Regen+ Slay+2}
 44563 | Vaults:4 | Reached XP level 23. HP: 86/204 MP: 23/23
 45484 | Vaults:5 | Entered Level 5 of the Vaults
 45660 | Vaults:5 | Noticed a golden dragon
 45678 | Vaults:5 | Killed a golden dragon
 45986 | Vaults:5 | Identified the +2 plate armour of Indemnity {+Blink rElec
                  | rPois Str-3}
 46573 | Vaults:5 | Got Experienced Theurgy
 46687 | Vaults:5 | Identified the +3 double sword "Iniosop" {heavy, Dex+5}
 46775 | Vaults:5 | Identified the +1 helmet of the Constellations {rF+ rN+
                  | rCorr Int+3}
 46790 | Vaults:5 | Identified the +3 ring mail of the Known World {+Blink rF+
                  | Dex+2}
 46944 | Vaults:5 | Reached XP level 24. HP: 212/212 MP: 23/23
 47233 | Vaults:5 | Identified the staff of Guhaomij {rC+ Int+2 Dex+3 Ice}
 47461 | Vaults:5 | Got a silver rune of Zot
 47622 | Vaults:5 | Identified the +6 spear of Nuesi {flame, rElec rC+}
 47623 | Vaults:5 | Identified the ring "Luba" {rPois EV+5}
 47702 | Vaults:5 | Identified the +1 scale mail "Zutageid" {-Tele rC+ rCorr
                  | Stlth+}
 48040 | Depths:1 | Entered Level 1 of the Depths
 48062 | Depths:1 | Found a one-way gate to the infinite horrors of the Abyss.
 48252 | Depths:1 | Found a gateway to Hell.
 48587 | Depths:1 | Found Eskad's Antique Weapon Shoppe.
 48587 | Depths:1 | Found Qekint's General Store.
 48588 | Depths:1 | Found Cizirgh's Assorted Antiques.
 48591 | Depths:1 | Found Aklyarok's Antique Armour Emporium.
 48602 | Depths:1 | Bought a potion of haste for 130 gold pieces
 48616 | Depths:1 | Bought a potion of invisibility for 152 gold pieces
 48616 | Depths:1 | Bought a potion of heal wounds for 95 gold pieces
 48702 | Depths:1 | Noticed a caustic shrike
 48709 | Depths:1 | Killed a caustic shrike
 49233 | Depths:2 | Found a one-way gate leading to the halls of Pandemonium.
 49269 | Depths:2 | Found a runed translucent door.
 49309 | Depths:2 | Identified the ring of Cheibriados, Brewing {Will+ Str+5
                  | Dex+4 Stlth-}
 49311 | Depths:2 | Identified the ring "Miweakuk" {+Blink Fly rElec Int-3
                  | SInv}
 49374 | Depths:2 | Found a runed translucent door.
 49445 | Depths:2 | Found a runed translucent door.
 49447 | Depths:2 | Found a runed translucent door.
 49447 | Depths:2 | Found a runed translucent door.
 49455 | Depths:2 | Identified the ring of Tiuxodgh {Drain Will+ Int+6 Dex+3}
 49466 | Depths:2 | Identified the ring "Bisiacor" {Will+ Stlth+}
 49555 | Depths:3 | Found a one-way gateway to a ziggurat.
 49561 | Zig:1    | Entered Level 1 of a ziggurat
 49642 | Zig:2    | Entered Level 2 of a ziggurat
 49680 | Zig:3    | Entered Level 3 of a ziggurat
 49729 | Zig:4    | Entered Level 4 of a ziggurat
 49732 | Zig:4    | Found the +8 whip "Snakebite" {venom, curare, rPois}
 49787 | Zig:4    | Identified the amulet "Jyisow" {Spirit MP+9}
 49796 | Zig:5    | Entered Level 5 of a ziggurat
 49800 | Zig:5    | Noticed an orb of fire
 49804 | Zig:5    | Gained mutation: You are clumsy. (Dex -2) [an orb of fire]
 49811 | Zig:5    | Killed an orb of fire
 50034 | Depths:3 | Noticed Sojobo
 50053 | Depths:3 | Paralysed by an air elemental for 1 turns
 50061 | Depths:3 | Paralysed by an air elemental for 1 turns
 50066 | Depths:3 | Paralysed by an air elemental for 1 turns
 50075 | Depths:3 | Paralysed by an air elemental for 1 turns
 50083 | Depths:3 | Killed Sojobo
 50248 | Depths:3 | Found Xuhak's Weapon Shoppe.
 50252 | Depths:3 | Found Hahun's Magic Scroll Emporium.
 50253 | Depths:3 | Found Wucli's General Store.
 50503 | Depths:3 | Reached XP level 25. HP: 211/219 MP: 23/23
 50564 | Depths:3 | Found a corrupted altar of Lugonu.
 50628 | Depths:3 | Noticed a juggernaut
 50645 | Depths:3 | Killed a juggernaut
 50783 | Depths:3 | Noticed a dread lich
 50797 | Depths:3 | Killed a dread lich
 51111 | Depths:4 | Entered Level 4 of the Depths
 51263 | Depths:4 | Found a glowing golden altar of the Shining One.
 51607 | Depths:4 | Found a gate to the Realm of Zot.
 51617 | Depths:4 | Noticed Vv
 51702 | Depths:4 | Killed Vv
 51796 | Zot:1    | Entered Level 1 of the Realm of Zot
 52604 | Zot:4    | Noticed an orb of fire
 52618 | Zot:4    | Killed an orb of fire
 52629 | Zot:4    | Reached XP level 26. HP: 88/226 MP: 23/23
 52745 | Zot:5    | Entered Level 5 of the Realm of Zot
 53166 | Zot:5    | Noticed a Killer Klown
 53177 | Zot:5    | Noticed a Killer Klown
 53180 | Zot:5    | Noticed an orb of fire
 53184 | Zot:5    | Noticed an ancient lich
 53185 | Zot:5    | Killed a Killer Klown
 53189 | Zot:5    | Noticed an ancient lich
 53196 | Zot:5    | Killed an orb of fire
 53202 | Zot:5    | Noticed an orb of fire
 53202 | Zot:5    | Killed an ancient lich
 53283 | Zot:5    | Killed a Killer Klown
 53323 | Zot:5    | Killed an ancient lich
 53345 | Zot:5    | Got the Orb of Zot
 53359 | Zot:5    | Noticed Pues the pandemonium lord
 54079 | D:$      | Escaped with the Orb!

Illustrated notes

Levels and vault maps discovered:
D:1:      saegor_arrival_simple_d, layout_loops_corners
D:2:      layout_loops_ring
D:3:      layout_rooms, serial_shops, nicolae_shop_tiny_glass,
          cheibrodos_sewer_entry_bend, kennysheep_pointless_box,
          palyth_stone_intersect, uniq_terence, uniq_jessica, uniq_natasha,
          uniq_crazy_yiuf_cottage
D:4:      layout_cave_pools, nemelex_diamond_rough_becter,
          minmay_temple_entry_large_hall, minmay_hollow_rounded_squares,
          uniq_sigmund
D:5:      layout_cave_pools, lemuel_blue_sif_altar,
          nicolae_overflow_crystal_walls, serial_shops,
          nicolae_shop_bloodbath_and_beyond
D:6:      layout_loops_ring, serial_shops, nicolae_shop_trees, shop, shop, shop,
          nicolae_shop_clearance, uniq_eustachio, uniq_duvessa,
          uniq_blork_the_orc
D:7:      layout_cave_pods, trog_wizard, makhleb_altar_promises_db,
          mainiacjoe_overflow_brackets, serial_column_ruins, column_ruins_hut,
          column_ruins_hut, column_ruins_columns_straight, column_ruins_grid_4,
          column_ruins_corridor_dead_end, column_ruins_open_medium,
          column_ruins_open_large, reono_crystal_passage
D:8:      layout_cave_pools, uniq_joseph
D:9:      layout_gridville, nicolae_kikubaaqudgha_miasma_corner,
          mainiacjoe_overflow_small_starburst, erik_lair_orcish_takeover,
          enter_bailey_4, minmay_microvault, uniq_maggie
D:10:     layout_roguey [special_room_orc], serial_shops,
          nicolae_shop_tiny_statue_garden, uniq_erolcha
D:11:     layout_small_grid
D:12:     minmay_imperfect_grid, layout_layer_cave, orc_0_dummy,
          wad_floor_pattern_untrapped, nicolae_wu_jian_wuxing_cycle, uniq_rupert
D:13:     layout_cave_pools, david_vaults_1, serial_column_ruins,
          column_ruins_square_medium, column_ruins_columns_corner,
          column_ruins_grid_4, column_ruins_open_medium,
          column_ruins_columns_water, column_ruins_columns_dead_end
D:14:     layout_big_octagon, fedhas_altar_1, serial_bayou_lagoon_a,
          minmay_splitting_lines, nicolae_yredelemnul_ghost_church
D:15:     hangedman_depths_entry_try_elsewhere_first, layout_rooms,
          nicolae_vehumet_altar_sigil
Temple:   nicolae_temple_bog_church
Lair:1:   layout_hall_layers, chequers_serial_rivers_micro_b,
          chequers_serial_rivers_micro_a, grunt_megastairs_2
Lair:2:   layout_loops_ring, nicolae_snake_entry_warm_welcome,
          grunt_megastairs_5, infiniplex_staircase_pool
Lair:3:   layout_misc_corridors, elwin_shoals_entry_rocks, uniq_amaemon
Lair:4:   layout_regular_city
Lair:5:   minmay_lair_end_frog_pond, layout_big_grid,
          nicolae_slime_entry_field_trip, gammafunk_ghost_necromancy
Shoals:1: layout_shoals, nzn_prometheus_bound
Shoals:2: layout_shoals
Shoals:3: dreamdust_from_the_deep, layout_shoals
Shoals:4: shoals_end_grunt_garden, layout_shoals, shoals_ilsuiw_ice
Snake:1:  cheibrodos_snake_ritualist_ritual, layout_layer_cave, uniq_aizul
Snake:2:  nicolae_snake_crotalidae_crossing, layout_basic, serial_shops,
          nicolae_shop_statue_plus, uniq_saint_roka, uniq_mlioglotl
Snake:3:  layout_onion, hellmonk_ghost_happy_afterlife,
          portal_ice_cave_entry_ugly_swarm, serial_shops,
          nicolae_shop_rolling_square
Snake:4:  snake_pit_salamanders_mu, layout_layer_cave, serial_shops, shop,
          nicolae_zig_zag_zippers, uniq_donald, uniq_agnes
Orc:1:    layout_caves, basic_altar, nicolae_specific_store,
          nicolae_orc_stony_grotto, einodemon_barbed_minivault, uniq_maurice,
          uniq_josephine
Orc:2:    grunt_orc_community_town_hall, layout_caves,
          grunt_orc_community_big_house_2, grunt_orc_community_big_house_2,
          grunt_orc_community_house_3, grunt_orc_community_house_2,
          grunt_orc_community_house_1, grunt_orc_community_house_1,
          grunt_orc_community_house_3, grunt_orc_community_house_2,
          serial_shops, nicolae_shop_statue_plus, uniq_sonja
Elf:1:    eino_elf_arrival_customs, layout_loops_cross, basic_altar,
          serial_shops, nicolae_shop_tiny_waterfront, shop, minivault_28
Elf:2:    elven_hall_of_blades_hangedman_original
          [nicolae_blade_entry_crossed_weapons], layout_onion_city,
          serial_shops, shop_fountains, nicolae_shop_tiny_statue_garden,
          nicolae_shop_waterfront, nicolae_book_shop_shelving
Elf:3:    nooodl_elf_gasket, layout_loops_corners, serial_shops,
          nicolae_shop_rolled_up, uniq_mara
Vaults:1: mu_enter_wizlab_6, hangedman_vaults_unwind, v_misc_8,
          ontoclasm_vaults_idyll, vaults_room_door_hall, vaults_dpeg_spiral,
          v_misc_32, nicolae_vaults_six-pack, nicolae_vaults_tetromino_L_2,
          nicolae_vaults_mini_display_case, vaults_room_semicircle,
          layout_vaults_ring
Vaults:2: nicolae_vaults_double_plus_1, special_room_vaults [special_room_orc],
          hangedman_vaults_nails, nicolae_vaults_little_squares_3,
          nicolae_vaults_hexular_roomagon, hangedman_vaults_nails,
          nicolae_vaults_theta, nicolae_vaults_trapezoid_lopsided_2,
          vaults_standard_mumra_x, layout_vaults_omnibox
Vaults:3: ontoclasm_vaults_decontamination, ontoclasm_vaults_ligature,
          nicolae_vaults_wrenched, blue_anna_dwarven_crypt,
          nicolae_vaults_tetromino_Z_1, v_rooms_1, ontoclasm_vaults_spin,
          v_pattern_1, nicolae_vaults_yaktaur_gun_rack, vaults_room_door_ring,
          layout_vaults_chaotic_city, serial_shops, bzr_entry_islet
Vaults:4: portal_desolation_entry_ruin, nicolae_vaults_rhombus_5,
          nicolae_vaults_little_squares_3, v_misc_8, vaults_mumra_lcd,
          v_misc_14, v_misc_30, nicolae_vaults_trapezoid_2,
          nicolae_vaults_shelves_hall, layout_vaults_omnigrid
Vaults:5: uniq_margery
Depths:1: layout_small_grid, hell_entry, dk_noncrumbling_3, abyss_entry,
          kilobyte_rumbling_trees, minmay_shoptagon, serial_bayou_shore_b,
          serial_bayou_shore_b
Depths:2: minmay_the_grid_triangle_9x9_recursive_3_mashed
          [minmay_the_grid_triangle_9x9_fully_insulated_deathbox,
          minmay_the_grid_triangle_9x9_zippers_vertical,
          minmay_the_grid_triangle_9x9_descending_squares,
          minmay_the_grid_triangle_9x9_prize_special,
          minmay_the_grid_triangle_9x9_wacky_v,
          minmay_the_grid_triangle_9x9_corruption,
          minmay_the_grid_triangle_9x9_odd_lines,
          minmay_the_grid_triangle_9x9_sprig,
          minmay_the_grid_triangle_9x9_tough_junction], layout_honeycomb,
          hell_entry, nicolae_uskayaw_dance_hall, serial_shops,
          nicolae_shop_tiny_real_fake_doors, rand_demon_pan_entry_4,
          infiniplex_staircase_pillars_3b
Depths:3: minmay_tearing_corner, layout_honeycomb, enter_ziggurat_e,
          abyss_entry_flame_altar, hell_entry, minmay_shop_star, uniq_sojobo
Depths:4: evilmike_zot_entry_argh, layout_basic, tso_altar,
          hangedman_coc_ice_floe, minmay_misc_feat_cross, minmay_shop_grove,
          uniq_josephina, uniq_vv
Zot:1:    layout_gridville, skrybe_zot_glass_1, grunt_megastairs_3
Zot:2:    nicolae_zot_stationary_front, layout_basic, lemuel_lake_of_fire
Zot:3:    gammafunk_mikee_crab_dinner, layout_onion_interference,
          regret_index_zotdec_plus
Zot:4:    grunt_deathspiral_small, layout_onion_interference,
          regret_index_zotdec_stipple_waver
Zot:5:    layout_twisted_circle, st_stairs_12, grunt_ministairs_3,
          grunt_megastairs_4

Skill      XL: |  1  2  3  4  5  6  7  8  9 10 11 12 13 14 15 16 17 18 19 20 21 22 23 24 25 26 |
---------------+-------------------------------------------------------------------------------+-----
Fighting       | 3 4 5 7 9 11 12 14 16 17 18 20 22 | 22.4
Polearms       | 5 6 7 9 11 13 15 16 19 20 22 24 26 | 26.1
Shields        | 3 5 13 15 | 15.0
Dodging        | 6 10 | 10.0
Armour         | 6 10 12 15 18 20 22 24 25 | 25.2
Throwing       | |  2.0

Action                     |  1- 3 |  4- 6 |  7- 9 | 10-12 | 13-15 | 16-18 | 19-21 | 22-24 | 25-27 || total
---------------------------+-------+-------+-------+-------+-------+-------+-------+-------+-------++-------
  Melee: Trident           |   122 |   173 |   270 |   518 |   865 |  1512 |     3 |  1581 |       ||  5044
         Tailslap          |       |     3 |       |     8 |    11 |       |       |       |       ||    22
         Demon trident     |       |       |       |       |       |    34 |  2687 |   621 |   728 ||  4070
  Throw: Throwing net      |       |     7 |       |       |       |       |       |       |       ||     7
         Dart              |       |     1 |       |       |       |       |       |       |       ||     1
         Javelin           |       |       |    11 |       |       |       |       |       |       ||    11
 Invoke: Call Merchant     |       |       |       |     1 |     3 |     2 |     1 |     1 |       ||     8
         Potion Petition   |       |       |       |       |       |     4 |     1 |     1 |     7 ||    13
         Bribe Branch      |       |       |       |       |       |       |       |       |     1 ||     1
  Evoke: Wand              |       |       |     2 |     3 |     3 |    35 |     4 |       |     7 ||    54
         Phantom mirror    |       |       |       |     1 |     2 |     1 |     1 |       |     1 ||     6
         Condenser vane    |       |       |       |       |       |     1 |     2 |     1 |       ||     4
         Lightning rod     |       |       |       |       |       |       |     8 |     3 |     4 ||    15
    Use: Scroll            |     5 |     3 |     8 |    10 |    13 |    21 |    16 |    13 |    14 ||   103
         Potion            |       |       |       |     3 |    12 |     9 |     2 |     4 |     7 ||    37
   Stab: Sleeping          |     3 |     2 |       |     1 |       |       |       |       |       ||     6
         Held in net/web   |       |     2 |       |       |       |       |       |       |       ||     2
         Distracted        |       |       |     5 |    18 |    22 |    46 |    17 |    75 |    25 ||   208
         Betrayed ally     |       |       |       |     1 |       |       |       |       |       ||     1
         Confused          |       |       |       |       |       |       |       |     2 |       ||     2
         Invisible         |       |       |       |       |       |       |       |       |     6 ||     6
 Armour: Leather armour    |    36 |       |       |       |       |       |       |       |       ||    36
         Ring mail         |     1 |    52 |   107 |    50 |       |       |       |       |       ||   210
         Gold dragon scale |       |       |       |   125 |   490 |   725 |       |       |       ||  1340
         Crystal plate arm |       |       |       |       |       |    21 |  1325 |  1065 |   481 ||  2892
  Dodge: Dodged            |    64 |    87 |   118 |    61 |   156 |   258 |   488 |   576 |   199 ||  2007
  Block: Buckler           |       |       |     6 |    45 |   121 |    25 |       |       |       ||   197
         Kite shield       |       |       |       |       |       |   642 |  1348 |  1239 |   442 ||  3671
         Reflection        |       |       |       |       |       |     2 |       |       |       ||     2

Table legend: (Time is in decaauts)
 A = Elapsed time spent in this place.
 B = Non-inter-level travel time spent in this place.
 C = Inter-level travel time spent in this place.
 D = Time resting spent in this place.
 E = Time spent auto-exploring this place.
 F = Levels seen in this place.
 G = Mean time per level.
                   A        B        C        D        E       F      G
               +--------+--------+--------+--------+--------+-----+--------+
         Total |  50588 |  45613 |   4975 |   2647 |  31650 |  59 |  857.4 |
       Dungeon |  15332 |  13263 |   2069 |    891 |  10043 |  15 | 1022.1 |
        Temple |     42 |      2 |     40 |      0 |      0 |   1 |   42.0 |
          Lair |   6031 |   5728 |    303 |    279 |   4571 |   5 | 1206.2 |
        Shoals |   4114 |   3730 |    384 |    688 |   1980 |   4 | 1028.5 |
     Snake Pit |   4895 |   4543 |    352 |      4 |   3238 |   4 | 1223.8 |
  Orcish Mines |   2744 |   2566 |    178 |     56 |   2058 |   2 | 1372.0 |
   Elven Halls |   2783 |   2339 |    444 |    239 |   1120 |   3 |  927.7 |
        Vaults |   6735 |   6344 |    391 |     62 |   4596 |   5 | 1347.0 |
        Depths |   3373 |   3078 |    295 |     42 |   2244 |   4 |  843.2 |
           Zot |   1695 |   1180 |    515 |    153 |    479 |   5 |  339.0 |
         Abyss |    711 |    711 |      0 |    146 |     27 |   2 |  355.5 |
      Ziggurat |    302 |    302 |      0 |      0 |    183 |   5 |   60.4 |
        Bazaar |     82 |     82 |      0 |      0 |     54 |   1 |   82.0 |
         Sewer |    376 |    376 |      0 |     16 |    203 |   1 |  376.0 |
        Bailey |    500 |    500 |      0 |     30 |    372 |   1 |  500.0 |
    Desolation |    866 |    866 |      0 |     38 |    477 |   1 |  866.0 |
               +--------+--------+--------+--------+--------+-----+--------+

Top non-repeatable levels by time:
    D:12: 2465 daAuts
Vaults:5: 2157 daAuts
  Lair:5: 1654 daAuts
   Elf:3: 1651 daAuts
   Orc:2: 1568 daAuts
Shoals:3: 1550 daAuts
    D:10: 1497 daAuts
 Snake:1: 1496 daAuts
Vaults:3: 1413 daAuts
 Snake:4: 1353 daAuts
Shoals:4: 1224 daAuts
     D:9: 1209 daAuts
  Lair:2: 1198 daAuts
   Orc:1: 1176 daAuts
  Lair:1: 1135 daAuts
